 Dungeon Sprint DCSS version 0.17-a0-1945-gfe993df (webtiles) character file.

6171 hexophile the Executioner (level 10, -3/142 HPs)
             Began as a Minotaur Berserker on Sept 30, 2015.
             Was the Champion of Trog.
             Slain by an emperor scorpion (10 damage)
             ... summoned by a greater mummy
             ... in the Dungeon (Sprint V: "Ziggurat Sprint").
             The game lasted 00:04:04 (863 turns).

hexophile the Executioner (Minotaur Berserker)       Turns: 863, Time: 00:04:05

Health: -3/142     AC: 30    Str: 29    XL:     10   Next: 60%
Magic:  10/10      EV: 10    Int:  7    God:    Trog [******]
Gold:   0          SH:  0    Dex: 14    Spells: 0 memorised, 9 levels left

rFire  . . .     SeeInvis .     a - +5 executioner's axe (freeze)
rCold  . . .     Clarity  .     b - +5 crystal plate armour
rNeg   . . .     SustAt   +     (no shield)
rPois  .         Gourm    .     (helmet restricted)
rElec  +         Spirit   .     (no cloak)
rCorr  .         Warding  .     O - +0 pair of gloves {Str+3}
rMut   .         NoTele   +     T - +1 pair of boots {Fly}
MR     .....                    (no amulet)
Stlth  ..........               L - ring of Icasunk {Wiz rElec Int+3}
                                W - ring of sustain attributes

@: berserking, flying, very quick, not resistant to hostile enchantments,
extremely unstealthy
A: retaliatory headbutt, horns 2
a: Burn Spellbooks, Berserk, Trog's Hand, Brothers in Arms, Renounce Religion,
Stop Flying


You were in the Dungeon.
You worshipped Trog.
Trog was exalted by your worship.
You were hungry.

You visited 1 branch


Innate Abilities, Weirdness & Mutations

You reflexively headbutt those who attack you in melee.
You have a pair of horns on your head.

Inventory:

Hand weapons
 a - a +5 executioner's axe of freezing (weapon)
 v - a +4 broad axe of flaming
 R - a +2 flail of distortion
Armour
 b - a +5 crystal plate armour (worn)
 O - a +0 pair of gloves of strength (worn)
 T - a +1 pair of boots of flying (worn)
Jewellery
 C - a +6 ring of dexterity
 D - a +6 ring of dexterity
 E - a +6 ring of intelligence
 F - a +6 ring of intelligence
 G - a +6 ring of strength
 H - a +6 ring of strength
 L - the ring of Icasunk (right hand) {Wiz rElec Int+3}
   (You found it in the Dungeon)

   [ring of wizardry]

   It improves your spell success rate.
   It affects your intelligence (+3).
   It insulates you from electricity.
 W - a ring of sustain attributes (left hand)
Magical devices
 y - a wand of disintegration (7)
 z - a wand of fire (5)
 A - a wand of cold (5)
 B - a wand of draining (5)
Scrolls
 i - 4 scrolls of blinking
 m - 3 scrolls of recharging
 n - 7 scrolls of fog
 o - a scroll of holy word
 p - 5 scrolls of identify
 q - 5 scrolls of remove curse
 r - 2 scrolls of fear
Potions
 d - 10 potions of curing
 e - 14 potions of heal wounds
 f - 6 potions of haste
 g - 7 potions of magic
 h - 3 potions of berserk rage
 s - 2 potions of brilliance
 t - 2 potions of invisibility
 u - 4 potions of resistance
 w - 6 potions of agility
 x - 5 potions of might
Books
 j - a book of Spatial Translocations

   Spells                             Type                      Level
   a - Apportation                    Translocation                1
   b - Blink                          Translocation                2
   c - Shroud of Golubria             Charms/Translocation         2
   d - Portal Projectile              Translocation                3
   e - Teleport Other                 Translocation                3
   f - Passage of Golubria            Translocation                4
   Trog disapproves of the use of such an item.
 J - a book of Summonings

   Spells                             Type                      Level
   a - Recall                         Summoning/Translocation      3
   b - Aura of Abjuration             Summoning                    5
   c - Shadow Creatures               Summoning                    5
   d - Summon Demon                   Summoning                    5
   e - Summon Forest                  Summoning/Translocation      5
   f - Summon Mana Viper              Hexes/Summoning              5
   Trog disapproves of the use of such an item.
 K - a book of Changes

   Spells                             Type                      Level
   a - Beastly Appendage              Transmutation                1
   b - Sticks to Snakes               Transmutation                2
   c - Spider Form                    Transmutation/Poison         3
   d - Ice Form                       Ice/Transmutation            4
   e - Blade Hands                    Transmutation                5
   Trog disapproves of the use of such an item.
 M - a book of Geomancy

   Spells                             Type                      Level
   a - Sandblast                      Earth                        1
   b - Stoneskin                      Transmutation/Earth          2
   c - Passwall                       Transmutation/Earth          3
   d - Stone Arrow                    Conjuration/Earth            3
   e - Petrify                        Transmutation/Earth          4
   f - Lee's Rapid Deconstruction     Earth                        5
   Trog disapproves of the use of such an item.
 P - a book of Fire

   Spells                             Type                      Level
   a - Ignite Poison                  Fire/Transmutation/Poison    3
   b - Fireball                       Conjuration/Fire             5
   c - Bolt of Fire                   Conjuration/Fire             6
   d - Delayed Fireball               Conjuration/Fire             7
   e - Ring of Flames                 Charms/Fire                  7
   Trog disapproves of the use of such an item.
 Q - a book of the Tempests

   Spells                             Type                      Level
   a - Static Discharge               Conjuration/Air              3
   b - Lightning Bolt                 Conjuration/Air              5
   c - Fireball                       Conjuration/Fire             5
   d - Tornado                        Air                          9
   e - Shatter                        Earth                        9
   Trog disapproves of the use of such an item.
 U - a book of Flames

   Spells                             Type                      Level
   a - Flame Tongue                   Conjuration/Fire             1
   b - Throw Flame                    Conjuration/Fire             2
   c - Conjure Flame                  Conjuration/Fire             3
   d - Inner Flame                    Hexes/Fire                   3
   e - Sticky Flame                   Conjuration/Fire             4
   f - Fireball                       Conjuration/Fire             5
   Trog disapproves of the use of such an item.
 V - a book of Summonings

   Spells                             Type                      Level
   a - Recall                         Summoning/Translocation      3
   b - Aura of Abjuration             Summoning                    5
   c - Shadow Creatures               Summoning                    5
   d - Summon Demon                   Summoning                    5
   e - Summon Forest                  Summoning/Translocation      5
   f - Summon Mana Viper              Hexes/Summoning              5
   Trog disapproves of the use of such an item.
 X - a Necronomicon

   Spells                             Type                      Level
   a - Haunt                          Necromancy/Summoning         7
   b - Borgnjor's Revivification      Necromancy                   8
   c - Death's Door                   Charms/Necromancy            8
   d - Necromutation                  Transmutation/Necromancy     8
   Trog disapproves of the use of such an item.
 Y - a book of Fire

   Spells                             Type                      Level
   a - Ignite Poison                  Fire/Transmutation/Poison    3
   b - Fireball                       Conjuration/Fire             5
   c - Bolt of Fire                   Conjuration/Fire             6
   d - Delayed Fireball               Conjuration/Fire             7
   e - Ring of Flames                 Charms/Fire                  7
   Trog disapproves of the use of such an item.
Miscellaneous
 I - a disc of storms
 N - a plain deck of summoning
 S - a lamp of fire
 Z - a plain deck of summoning
Comestibles
 c - 5 bread rations
 k - 37 fruits
 l - 4 meat rations


You had 9 spell levels left.
You didn't know any spells.


   Skills:
 * Level 11.0 Fighting
 * Level 21.8 Axes
 * Level 12.2 Armour
 * Level 8.9 Dodging
 * Level 2.4 Evocations

Dungeon Overview and Level Annotations

Branches:
Dungeon (1/1)

Altars:
Ashenzari
Cheibriados
Dithmenos
Elyvilon
Fedhas
Gozag
Kikubaaqudgha
Makhleb
Nemelex Xobeh
Okawaru
Qazlal
Ru
Sif Muna
Trog
Vehumet
Xom
Yredelemnul
Zin
The Shining One
Beogh
Jiyva
Lugonu

Vault maps used:
D:        sprint_v

Vault maps used:
D:        sprint_v
You       could see a greater mummy, 3 emperor scorpions and a red devil.


Message History

You headbutt the flying skull.
The guardian mummy hits you but does no damage.
You slice the guardian mummy!!
You destroy the guardian mummy!
You feel extremely nervous for a moment...
Pain shoots through your body.
You miss the flying skull. You slash the greater mummy!
You barely miss the guardian mummy.
The greater mummy gestures wildly while chanting.
The flying skull hits you but does no damage.
Your crystal plate armour prevents you from hitting the guardian mummy.
You closely miss the guardian mummy. You slice the greater mummy!!
You slash the flying skull! You freeze the flying skull.
You barely miss the mummy.
The flying skull hits you but does no damage.
The greater mummy hits you but does no damage.
The guardian mummy hits you with the cursed +0 short sword of Caesomiosupp {flame, rC+ Dex+2}.
The guardian mummy burns you.
The guardian mummy hits you but does no damage.
You slash the flying skull!
You destroy the flying skull!
Your Armour skill increases to level 12!
Your crystal plate armour prevents you from hitting the mummy.
You slash the guardian mummy! You freeze the guardian mummy.
You slice the guardian mummy!! You freeze the guardian mummy.
You slash the greater mummy!
The greater mummy gestures wildly while chanting.
The guardian mummy hits you but does no damage.
The mummy hits you but does no damage.
You slice the guardian mummy!!
You destroy the guardian mummy!
You feel extremely nervous for a moment...
The world around you seems to dim momentarily.
Your Evocations skill increases to level 2!
You closely miss the guardian mummy. You miss the chaos spawn.
You slash the greater mummy! You slice the mummy!! You freeze the mummy.
You destroy the mummy!
The chaos spawn degenerates into a cloud of primal chaos!
The red devil hits you but does no damage.
The greater mummy hits you but does no damage.
The guardian mummy barely misses you.
You slash the guardian mummy! You headbutt the guardian mummy.
You destroy the guardian mummy!
You feel extremely nervous for a moment...
Nothing appears to happen.
Your Fighting skill increases to level 11!
You slash the greater mummy! You freeze the greater mummy.
The sixfirhy is engulfed in seething chaos.
The sixfirhy is moving more slowly.
The sixfirhy barely misses you. You furiously retaliate!
You headbutt the sixfirhy!
The sixfirhy is engulfed in seething chaos.
The sixfirhy barely misses you.
The sixfirhy is engulfed in seething chaos.
The sixfirhy evaporates and reforms as a hellwing!
The hellwing hits you but does no damage.
The hellwing misses you. The greater mummy hits you!
The red devil hits you but does no damage.
You hit the greater mummy. You slice the hellwing!! You freeze the hellwing.
The greater mummy hits you but does no damage.
The red devil hits you from afar with a demon trident of electrocution.
You slice the hellwing!! You freeze the hellwing.
You kill the hellwing!
You barely miss the smoke demon. You slash the greater mummy!
You freeze the greater mummy.
The smoke demon hits you but does no damage. x2
The smoke demon closely misses you.
The greater mummy casts a spell.
You slash the greater mummy! You freeze the greater mummy.
You slice the smoke demon!! You freeze the smoke demon!
The red devil completely misses you. The smoke demon gestures at you.
The ball of steam hits you! The greater mummy casts a spell at you.
Something smites you!
You hit the greater mummy. You freeze the greater mummy.
You hit the smoke demon. You freeze the smoke demon.
You are engulfed in a cloud of scalding steam.
The red devil hits you from afar with a demon trident of electrocution.
The smoke demon barely misses you. You furiously retaliate!
You headbutt the smoke demon, but do no damage.
The smoke demon hits you.
The smoke demon hits you but does no damage.
The greater mummy hits you but does no damage.
A red film seems to cover your vision as you go berserk!
You feel yourself moving faster!
You feel mighty!
You are feeling hungry.
You are engulfed in a cloud of scalding steam.
* * * LOW HITPOINT WARNING * * *
The smoke demon hits you but does no damage. x3
The red devil hits you from afar with a demon trident of electrocution!
* * * LOW HITPOINT WARNING * * *
The greater mummy hits you!
* * * LOW HITPOINT WARNING * * *
You slice the greater mummy!! You freeze the greater mummy.
Your crystal plate armour prevents you from hitting the emperor scorpion.
You slice the smoke demon!! You freeze the smoke demon.
You kill the smoke demon!
You are engulfed in a cloud of scalding steam.
* * * LOW HITPOINT WARNING * * *
The emperor scorpion stings you!
You die...

Action                   |  1- 3 |  4- 6 |  7- 9 | 10-12 || total
-------------------------+-------+-------+-------+-------++-------
Melee: Executioner's axe |     5 |     1 |    30 |    28 ||    64
Invok: Berserk           |     1 |       |     5 |     1 ||     7
       Trog's Hand       |       |       |     3 |       ||     3
  Use: Potion            |     1 |       |       |       ||     1
       Scroll            |       |       |       |     2 ||     2
  Eat: Fruit             |       |       |     5 |       ||     5
       Chunk             |       |       |     2 |       ||     2

Notes
Turn   | Place    | Note
--------------------------------------------------------------
     0 | D        | hexophile the Minotaur Berserker began the quest for the Orb.
     0 | D        | Reached XP level 1. HP: 19/19 MP: 0/0
     2 | D        | Banished a spatial maelstrom
     8 | D        | Found an iron altar of Okawaru.
     8 | D        | Found a radiant altar of Vehumet.
     8 | D        | Found a shimmering altar of Xom.
     8 | D        | Found a burning altar of Makhleb.
    31 | D        | Found a deep blue altar of Sif Muna.
    33 | D        | Found a corrupted altar of Lugonu.
    33 | D        | Found a white marble altar of Elyvilon.
    33 | D        | Found a roughly hewn altar of Beogh.
    33 | D        | Found a sparkling altar of Nemelex Xobeh.
    33 | D        | Found a viscous altar of Jiyva.
    33 | D        | Found a bloodstained altar of Trog.
    55 | D        | Reached skill level 6 in Armour
    55 | D        | Reached XP level 2. HP: 26/26 MP: 1/1
    59 | D        | Entered arena 1.
    59 | D        | Noticed a black bear
    59 | D        | Noticed a white ugly thing
    65 | D        | Killed a black bear
    65 | D        | Reached skill level 9 in Axes
    65 | D        | Reached XP level 3. HP: 28/31 MP: 2/2
    65 | D        | Reached XP level 4. HP: 35/39 MP: 3/3
    66 | D        | Killed a white ugly thing
    66 | D        | Acquired Trog's second power
    66 | D        | Reached skill level 15 in Axes
    66 | D        | Reached XP level 5. HP: 40/45 MP: 4/4
    66 | D        | Reached XP level 6. HP: 45/51 MP: 5/5
    66 | D        | Reached XP level 7. HP: 50/57 MP: 6/6
   176 | D        | Entered arena 2.
   176 | D        | Noticed a jumping spider
   176 | D        | Noticed a scorpion
   176 | D        | Noticed a jumping spider
   177 | D        | Killed a jumping spider
   177 | D        | Reached skill level 16 in Axes
   179 | D        | Killed a jumping spider
   179 | D        | Reached skill level 17 in Axes
   179 | D        | Killed a scorpion
   179 | D        | Reached XP level 8. HP: 64/64 MP: 7/7
   227 | D        | Entered arena 3.
   227 | D        | Noticed a wolf
   227 | D        | Noticed an iguana
   229 | D        | Killed a wolf
   229 | D        | Reached skill level 18 in Axes
   232 | D        | Received a gift from Trog
   233 | D        | Killed an iguana
   265 | D        | Got the ring of Icasunk {Wiz rElec Int+3}
   283 | D        | Entered arena 4.
   283 | D        | Noticed a water moccasin
   289 | D        | Killed a water moccasin
   289 | D        | Acquired Trog's third power
   499 | D        | Entered arena 5.
   499 | D        | Noticed an orc wizard
   499 | D        | Noticed an orc priest
   499 | D        | Noticed an orc priest
   499 | D        | Noticed an orc wizard
   503 | D        | Killed an orc priest
   504 | D        | Killed an orc wizard
   505 | D        | Killed an orc wizard
   507 | D        | Killed an orc priest
   552 | D        | Entered arena 6.
   552 | D        | Noticed a hill giant
   552 | D        | Noticed a two-headed ogre
   552 | D        | Noticed a troll
   552 | D        | Noticed a two-headed ogre
   552 | D        | Noticed an ogre
   552 | D        | Noticed a hill giant
   557 | D        | Killed a two-headed ogre
   557 | D        | Reached skill level 5 in Fighting
   557 | D        | Reached skill level 19 in Axes
   559 | D        | Killed a hill giant
   559 | D        | Reached XP level 9. HP: 78/78 MP: 8/8
   560 | D        | Killed an ogre
   560 | D        | Received a gift from Trog
   560 | D        | Killed a troll
   560 | D        | Reached skill level 20 in Axes
   561 | D        | Killed a hill giant
   561 | D        | Reached skill level 10 in Armour
   562 | D        | Killed a two-headed ogre
   590 | D        | Entered arena 7.
   590 | D        | Noticed a hell hound
   593 | D        | Killed a hell hound
   613 | D        | Entered arena 8.
   613 | D        | Noticed a centaur
   613 | D        | Noticed a cyclops
   613 | D        | Noticed a cyclops
   613 | D        | Noticed a yaktaur
   613 | D        | Noticed a centaur
   613 | D        | Noticed a centaur
   613 | D        | Noticed a yaktaur
   620 | D        | Killed a centaur
   621 | D        | Killed a yaktaur
   621 | D        | Received a gift from Trog
   621 | D        | Killed a centaur
   622 | D        | Killed a yaktaur
   622 | D        | Reached skill level 21 in Axes
   622 | D        | Reached XP level 10. HP: 74/91 MP: 9/9
   625 | D        | Killed a centaur
   625 | D        | Killed a cyclops
   627 | D        | Killed a cyclops
   627 | D        | Reached skill level 10 in Fighting
   716 | D        | Entered arena 9.
   716 | D        | Noticed a necrophage
   716 | D        | Noticed a phantom
   716 | D        | Noticed a necrophage
   716 | D        | Noticed a phantom
   716 | D        | Noticed a necrophage
   720 | D        | Killed a necrophage
   722 | D        | Killed a phantom
   722 | D        | Killed a phantom
   726 | D        | Killed a necrophage
   727 | D        | Killed a necrophage
   845 | D        | Entered arena 10.
   845 | D        | Noticed a greater mummy
   845 | D        | Noticed a flying skull
   845 | D        | Noticed a guardian mummy
   845 | D        | Noticed a guardian mummy
   845 | D        | Noticed a guardian mummy
   845 | D        | Noticed a guardian mummy
   852 | D        | Killed a guardian mummy
   852 | D        | Reached skill level 1 in Evocations
   853 | D        | Killed a guardian mummy
   854 | D        | Noticed a sixfirhy
   855 | D        | Killed a flying skull
   856 | D        | Killed a guardian mummy
   857 | D        | Killed a guardian mummy
   857 | D        | a sixfirhy changed into a hellwing
   860 | D        | Noticed an emperor scorpion
   860 | D        | Noticed an emperor scorpion
   860 | D        | Noticed an emperor scorpion
   862 | D        | HP: 12/142 [greater mummy (17)]
   863 | D        | Slain by an emperor scorpion

Table legend:
 A = Turns spent in this place as a percentage of turns spent in the entire game.
 B = Non-inter-level travel turns spent in this place as a percentage of non-inter-level travel turns spent in the entire game.
 C = Inter-level travel turns spent in this place as a percentage of turns spent in this place.
 D = Turns resting spent in this place as a percentage of non-inter-level travel turns spent in this place.
 E = Turns spent auto-exploring this place as a percentage of non-inter-level travel turns spent in this place.
 F = Non-inter-level travel turns spent in this place divided by the number of levels of this place that you've seen.
                   A       B       C       D       E      F
               +-------+-------+-------+-------+-------+----------------------
         Total | 100.0 | 100.0 |   0.0 |  13.9 |   0.0 | 331.0
       Dungeon | 100.0 | 100.0 |   0.0 |  13.9 |   0.0 | 331.0
               +-------+-------+-------+-------+-------+----------------------

Table legend:
 A = Kills in this place as a percentage of kills in entire the game.
 B = Kills by you in this place as a percentage of kills by you in the entire game.
 C = Kills by friends in this place as a percentage of kills by friends in the entire game.
 D = Other kills in this place as a percentage of other kills in the entire game.
 E = Experience gained in this place as a percentage of experience gained in the entire game.
 F = Experience gained in this place divided by the number of levels of this place that you have seen.
                   A       B       C       D       E      F
               +-------+-------+-------+-------+-------+----------------------
         Total | 100.0 | 100.0 |  -nan |  -nan | 100.0 | 8805.0
       Dungeon | 100.0 | 100.0 |  -nan |  -nan | 100.0 | 8805.0
               +-------+-------+-------+-------+-------+----------------------

Vanquished Creatures
  2 hill giants (D)
  An ugly thing (D)
  2 cyclopes (D)
  2 yaktaurs (D)
  4 guardian mummies (D)
  2 jumping spiders (D)
  A troll (D)
  2 two-headed ogres (D)
  A flying skull (D)
  A wolf (D)
  A hell hound (D)
  A water moccasin (D)
  A black bear (shapeshifter) (D)
  An ogre (D)
  3 centaurs (D)
  2 phantoms (D)
  3 necrophages (D)
  A scorpion (D)
  2 orc priests (D)
  2 orc wizards (D)
  An iguana (D)
  2 sheep (D)
  A mummy (D)
  An adder (D)
  2 ufetubi (D)
  3 adder skeletons (D)
  An orc (D)
  A bat skeleton (D)
  A bat zombie (D)
  2 ball pythons (D)
  A ball python skeleton (D)
  A jackal zombie (D)
  A quokka skeleton (D)
53 creatures vanquished.

Vanquished Creatures (others)
  A spatial maelstrom (D)
1 creature vanquished.

Grand Total: 54 creatures vanquished
